 Dungeon Crawl Stone Soup version 0.29.1-13-g9f3cf754e1 (webtiles) character file.

Game seed: 7802338817569573279

51 croobank the Insei (level 3, -5/24 HPs)
             Began as an Octopode Transmuter on Feb 5, 2023.
             Slain by a worm (12 damage)
             ... on level 2 of the Dungeon.
             The game lasted 00:02:54 (1208 turns).

croobank the Insei (Octopode Transmuter)            Turns: 1208, Time: 00:02:54

Health: -5/24      AC:  1    Str:  9    XL:     3   Next: 81%
Magic:  6/6        EV: 13    Int: 17    God:
Gold:   99         SH:  0    Dex: 12    Spells: 3/6 levels left

rFire   . . .      SeeInvis .   b - +0 hand axe
rCold   . . .      Faith    .   (no shield)
rNeg    . . .      Spirit   .   (helmet restricted)
rPois   .          Reflect  .   (no amulet)
rElec   .          Harm     .   (no ring)
rCorr   .          Rampage  .   (no ring)
Will    .....                   (no ring)
Stlth   ++........              (no ring)
HPRegen 0.08/turn               (no ring)
MPRegen 0.10/turn               (no ring)
                                (no ring)
                                (no ring)

@: no status effects
A: almost no armour, amphibious, 8 rings, camouflage 1, gelatinous body 1,
(nimble swimmer 1), tentacles
a: no special abilities


You were on level 2 of the Dungeon.
You visited 1 branch of the dungeon, and saw 2 of its levels.

You collected 99 gold pieces.

Inventory:

Hand Weapons
 b - a +0 hand axe (weapon)
 i - a +0 eveningstar
Missiles
 j - 5 boomerangs
Scrolls
 c - a scroll of noise {unknown}
 d - 2 scrolls of identify {unknown}
 e - 2 scrolls of immolation {unknown}
 f - a scroll of teleportation {unknown}
 h - a scroll of magic mapping {unknown}
Potions
 a - a potion of lignification
 g - a potion of curing {unknown}


   Skills:
 + Level 1.6 Fighting
 + Level 1.0 Axes
 + Level 2.4 Dodging
 - Level 3.0 Unarmed Combat
 + Level 2.4 Spellcasting
 + Level 2.5 Transmutations


You had 3 spell levels left.
You knew the following spells:

 Your Spells              Type           Power      Damage    Failure   Level
a - Beastly Appendage     Tmut           20%        N/A       7%          1
b - Wereblood             Tmut           10%        N/A       10%         2

Your spell library contained the following spells:

 Spells                   Type           Power      Damage    Failure   Level
 Spider Form              Tmut/Pois      6%         N/A       32%         3
 Ice Form                 Ice/Tmut       6%         N/A       73%         4
 Petrify                  Tmut/Erth      6%         N/A       73%         4
 Metabolic Englaciation   Hex/Ice        1%         N/A       99%         5
 Statue Form              Tmut/Erth      4%         N/A       100%        6


Dungeon Overview and Level Annotations

Branches:
Dungeon (2/15)

Altars:


Innate Abilities, Weirdness & Mutations

You cannot wear most types of armour.
You are amphibious.
You can wear up to eight rings at the same time.
Your skin changes colour to match your surroundings (Stealth+).
Your rubbery body absorbs attacks. (AC +1, EV +1)
((You are camouflaged when in or above water. (Stealth+)))
You have tentacles for arms and can constrict up to eight enemies at once.


Message History

There are monsters nearby!
A worm comes into view.
Found 13 gold pieces and 2 stones.
There is an open door here.
The ball python closely misses you. The ball python grabs you.
The ball python constricts you.
You completely miss the ball python. Your grab misses the ball python.
Your squeeze misses the ball python. The ball python bites you.
The ball python constricts you.
You barely miss the ball python. Your grab misses the ball python.
The ball python barely misses you. The ball python constricts you.
The ball python misses you. The ball python constricts you.
You hit the ball python but do no damage.
You grab the ball python. You hit the endoplasm. You constrict the ball python.
The endoplasm hits you. The ball python bites you.
The ball python constricts you.
You hit the ball python.
You kill the ball python!
You hit the endoplasm but do no damage. The endoplasm completely misses you.
The endoplasm barely misses you.
You hit the endoplasm.
The endoplasm is heavily wounded.
The endoplasm hits you.
You hit the endoplasm.
You kill the endoplasm!
You hit the worm. You hit the worm but do no damage. You grab the worm.
The worm is lightly wounded.
You constrict the worm. The worm bites you.
You hit the worm but do no damage.
The worm is moderately wounded.
You constrict the worm. The worm bites you.
* * * LOW HITPOINT WARNING * * *
You are too injured to fight recklessly!
You are too injured to fight recklessly!
You hit the worm.
The worm is moderately wounded.
You constrict the worm. The worm bites you!
Ouch! That really hurt!
You die...

#...###..##.#......#
..⌠..##'##..#.(....# .
#...##...##.#.###### .#
##.##.....##..# #.##
.#'#.......#'## .....
##.##.....##.## ##....
#...##...##...###...#
.....##'##.....'?.###
#...##...##...##@w..#
##.##.....##.##......$$#
.#'#.......#+#..#..###.#
##.##.....## ##. ...#
#...##...## ## ..(#
.....##'## ##..
#...##...## ###
##.##.....##
.#'#.......#


You could see a worm.

Vanquished Creatures
  A worm (D:2)
  A dart slug (D:1)
  7 ball pythons
  6 endoplasms
  4 giant cockroaches
  A goblin (D:1)
  5 hobgoblins (D:1)
  4 quokkas
  3 bats (D:1)
  5 frilled lizards (D:1)
  A kobold (D:1)
  5 rats (D:1)
43 creatures vanquished.

Notes
Turn   | Place    | Note
-------+----------+-------------------------------------------
     0 | D:1      | croobank the Octopode Transmuter began the quest for the
                  | Orb.
     0 | D:1      | Reached XP level 1. HP: 13/13 MP: 3/3
    67 | D:1      | Reached XP level 2. HP: 18/18 MP: 3/5
    99 | D:1      | Learned a level 2 spell: Wereblood
   100 | D:1      | Found a faded altar of an unknown god.
   352 | D:1      | Reached XP level 3. HP: 22/23 MP: 4/6
   902 | D:2      | Reached skill level 1 in Axes
  1208 | D:2      | Slain by a worm

Illustrated notes

Levels and vault maps discovered:
D:1:      psy_arrival_statuary, layout_rooms, chequers_ecumenical_altar_twisty
D:2:      layout_loops_cross, nicolae_hexahallways, minmay_pentomino_t4

Skill      XL: |  1  2  3 |
---------------+----------+-----
Axes           | 1 |  1.0
Fighting       | |  1.6
Dodging        | |  2.4
Unarmed Combat | |  3.0
Spellcasting   | |  2.4
Transmutations | |  2.5

Action                   || total
-------------------------++-------
Melee: Unarmed           ||     6
       Tentacles         ||    11
       Hand axe          ||    76
       Constrict         ||    22
       Kick              ||    13
 Cast: Beastly Appendage ||    17
       Wereblood         ||    14
 Stab: Sleeping          ||     1
Armor: Skin              ||     9
Dodge: Dodged            ||    43
